 Dungeon Crawl Stone Soup version 0.27.1-33-g824d729ab1 (webtiles) character file.

Game seed: 8302270299897784356

24 Garessta the Vexing (level 2, 0/15 HPs)
             Began as a Vampire Enchanter on Dec 5, 2021.
             Slain by an adder (2 damage)
             ... on level 2 of the Dungeon.
             The game lasted 00:06:45 (1147 turns).

Garessta the Vexing (Vampire Enchanter)             Turns: 1147, Time: 00:06:46

Health: 0/15       AC:  2    Str:  7    XL:     2   Next: 79%
Magic:  5/5        EV: 12    Int: 17    God:
Gold:   63         SH:  0    Dex: 14    Spells: 4/5 levels left

rFire    . . .     SeeInvis +   a - +1 dagger
rCold    + + .     Faith    .   (no shield)
rNeg     + + +     Spirit   .   b - +0 robe
rPois    ∞         Reflect  .   (no helmet)
rElec    .         Harm     .   (no cloak)
rCorr    .         Rampage  .   (no gloves)
Will     .....                  (no boots)
Stlth    +++++.....             g - amulet of the acrobat
HPRegen  0.00/turn              (no ring)
MPRegen  0.09/turn              (no ring)

@: bloodless, inhibited regen
A: bloodless, fangs 3, see invisible, vampiric 1
a: Revivify


You were on level 2 of the Dungeon.
You visited 1 branch of the dungeon, and saw 2 of its levels.

You collected 63 gold pieces.

Inventory:

Hand Weapons
 a - a +1 dagger (weapon)
Missiles
 j - 3 atropa-tipped darts
Armour
 b - a +0 robe (worn)
Jewellery
 g - an amulet of the acrobat (around neck)
Scrolls
 d - a scroll of torment {unknown}
 f - a scroll of teleportation {unknown}
 h - a scroll of immolation {unknown}
 i - a scroll of noise {unknown}
 k - a scroll of identify {unknown}
Potions
 c - a potion of brilliance {unknown}
 e - 2 potions of curing {unknown}


   Skills:
 + Level 2.8 Short Blades
 - Level 2.2 Dodging
 - Level 4.5 Stealth
 - Level 2.0 Spellcasting
 - Level 4.6 Hexes


You had 4 spell levels left.
You knew the following spells:

 Your Spells              Type           Power      Damage    Failure   Level
a - Corona                Hex            18%        N/A       3%          1

Your spell library contained the following spells:

 Spells                   Type           Power      Damage    Failure   Level
 Confusing Touch          Hex            17%        N/A       9%          3
 Tukima's Dance           Hex            17%        N/A       9%          3
 Ensorcelled Hibernation  Hex/Ice        18%        N/A       12%         2
 Dazzling Flash           Conj/Hex       18%        N/A       22%         3


Dungeon Overview and Level Annotations

Branches:
Dungeon (2/15)

Altars:


Innate Abilities, Weirdness & Mutations

You do not regenerate when monsters are visible.
You are frail without blood (-20% HP).
You can heal yourself when you bite living creatures.
You are immune to poison.
You have razor-sharp teeth.
You have supernaturally acute eyesight. (SInv)
You are afflicted with vampirism.


Message History

Unknown command.
What are your orders? t - Shout!
Orders for allies: a - Attack new target. r - Retreat! s - Stop attacking. g - Guard the area. f - Follow me.
Anything else - Cancel.
Okay, then.
Throw: 3 darts (atropa)
Press: ? - help, Q - select action, (/) - cycle Shift-Dir - straight line, f - adder
Aim: an adder (38% to hit, chance to blind on hit: 100%)
Okay, then.
The adder closely misses you.
You hit the adder but do no damage. The adder bites you.
You closely miss the adder. The adder barely misses you.
You hit the adder.
The adder is lightly wounded.
The adder barely misses you.
You closely miss the adder.
The adder is lightly wounded.
The adder bites you.
You closely miss the adder.
The adder is lightly wounded.
The adder bites you.
You closely miss the adder.
The adder is lightly wounded.
The adder misses you. The adder bites you.
* * * LOW HITPOINT WARNING * * *
The adder completely misses you. The adder misses you.
The adder completely misses you. The adder completely misses you.
The adder completely misses you.
You hit the adder but do no damage. Your bite misses the adder.
The adder bites you.
* * * LOW HITPOINT WARNING * * *
You hit the adder.
The adder is lightly wounded.
The adder bites you.
You die...

### ############
###########.#
..........####...........#
#
.........................#
#.
#.##.##.#.####.#########.#
#.$###.##.##.#@####.#######
#.#
#............S............#
#.#
#.#.#..##......####.#####+#
#.. #.#.#..##.##.###
#.†...... #.#
..............# #....[...
+.# ##...#..##.##.#
#.......) #..
#...#..##.##.#
#.#####+###.#
............... ... ...>
.....##.##..#.## #.# ###.#


You could see an adder.

Vanquished Creatures
  A bat (D:1)
  2 giant cockroaches (D:1)
  5 goblins (D:1)
  2 hobgoblins
  3 jackals (D:1)
  A quokka (D:1)
  2 ball pythons (D:1)
  A frilled lizard (D:1)
  A kobold (D:1)
  3 rats (D:1)
21 creatures vanquished.

Notes
Turn   | Place    | Note
-------+----------+-------------------------------------------
     0 | D:1      | Garessta the Vampire Enchanter began the quest for the Orb.
     0 | D:1      | Reached XP level 1. HP: 13/13 MP: 3/3
   663 | D:1      | Reached XP level 2. HP: 15/15 MP: 5/5
  1147 | D:2      | Slain by an adder

Illustrated notes

Levels and vault maps discovered:
D:1:      dpeg_arrival_tiny_e, layout_basic
D:2:      layout_basic

Skill      XL: |  1  2 |
---------------+-------+-----
Short Blades   | 2 |  2.8
Dodging        | |  2.2
Stealth        | |  4.5
Spellcasting   | |  2.0
Hexes          | |  4.6

Action                   || total
-------------------------++-------
Melee: Dagger            ||    55
       Bite              ||     4
 Abil: Exsanguinate      ||     1
 Stab: Sleeping          ||    16
Armor: Robe              ||    10
Dodge: Dodged            ||    18
